 Dungeon Crawl Stone Soup version 0.32-a0-898-g7811c86cf0 (webtiles) character file.

Game seed: 15699031860892691493

15818 HilariousDeathArtist the Prestidigitator (level 12, -7/96 HPs)
             Began as a Coglin Cinder Acolyte on Apr 4, 2024.
             Was an Elder of Ignis.
             Mangled by a large slime creature (41 damage)
             ... on level 12 of the Dungeon.
             The game lasted 00:18:19 (14806 turns).

HilariousDeathArtist the Prestidigitator (CoCA)    Turns: 14806, Time: 00:18:20

Health: -7/96      AC:  3    Str: 16    XL:     12   Next: 31%
Magic:  11/17      EV: 11    Int: 17    God:    Ignis [****..]
Gold:   623        SH:  0    Dex: 10    Spells: 16/18 levels left

rFire   + + .        k - staff of fire {rF+, Sanele}
rCold   . . .        t - staff of death {rN+, Quintus}
rNeg    + . .        Q - +0 troll leather armour
rPois   .            (helmet currently unavailable)
rElec   .            d - melded +0 cloak
rCorr   .            (gloves currently unavailable)
SInv    .            (boots currently unavailable)
Will    .....        (amulet unavailable)
Stlth   +++          (ring unavailable)
HPRegen 1.16/turn    (ring unavailable)
MPRegen 0.15/turn    (no gizmo)

%: no passive effects
@: beast-form, studying Stealth, revving
A: beast (slay +0), off-hand wielding, slow wielding, warmup strikes, no
jewellery
a: Invent Gizmo, Begin Untransformation, Renounce Religion, Fiery Armour,
Foxfire Swarm, Rising Flame


You were on level 12 of the Dungeon.
You worshipped Ignis.
Ignis was greatly pleased with you.
You were a hulking beast.
You visited 1 branch of the dungeon, and saw 12 of its levels.

You collected 623 gold pieces.

Inventory:

Hand Weapons
 g - a +0 dagger of venom
   (You took it off an orc on level 8 of the Dungeon)
 A - a +5 great sword
   (You took it off a wight on level 9 of the Dungeon)
 C - a +0 spear of distortion {!w}
   (You took it off a wight on level 9 of the Dungeon)
Missiles
 a - 5 boomerangs
 p - 5 javelins
 r - 48 poisoned darts
 s - 59 stones
 x - 3 curare-tipped darts
 H - 3 throwing nets {!d}
Armour
 d - a +0 cloak (melded)
   (You took it off Crazy Yiuf on level 2 of the Dungeon)
 o - +0 steam dragon scales
   (You found it on level 8 of the Dungeon)
 L - a +2 robe of cold resistance
   (You took it off Fannar on level 10 of the Dungeon)
 Q - a +0 troll leather armour (worn)
   (You found it on level 10 of the Dungeon)
Magical Staves
 j - a staff of earth {Tamao}
   (You found it on level 4 of the Dungeon)
 k - a staff of fire (weapon) {rF+, Sanele}
   (You found it on level 2 of the Dungeon)
 t - a staff of death (offhand) {rN+, Quintus}
   (You found it on level 6 of the Dungeon)
Talismans
 n - a beast talisman (active)
   (You found it on level 4 of the Dungeon)
Wands
 e - a wand of charming (13)
   (You found it on level 11 of the Dungeon)
 h - a wand of acid (3)
   (You took it off Jeremiah on level 9 of the Dungeon)
 m - a wand of warping (13)
   (You took it off Ijyb on level 5 of the Dungeon)
 q - a wand of flame (33)
   (You found it on level 5 of the Dungeon)
 y - a wand of mindburst (9)
   (You found it on level 11 of the Dungeon)
Scrolls
 b - a scroll of acquirement {unknown}
 f - a scroll of brand weapon {unknown}
 v - 3 scrolls of amnesia
 w - a scroll of torment {!r}
 E - 2 scrolls of identify {@r1}
 J - a scroll of fog
 K - 2 scrolls of immolation {!r}
 N - a scroll of butterflies {unknown}
 O - 2 scrolls of enchant weapon
 P - a scroll of revelation {unknown}
 Y - a scroll of teleportation {@r3}
Potions
 c - a potion of degeneration {unknown}
 i - 2 potions of haste {unknown}
 l - 2 potions of attraction {!q}
 u - a potion of cancellation {unknown}
 B - 3 potions of brilliance
 G - a potion of ambrosia {!q}
 M - a potion of might


   Skills:
 + Level 9.5 Fighting
 - Level 2.6(6.8) Polearms
 * Level 9.9(10.1) Staves
 + Level 4.0 Dodging
 * Level 8.4 Stealth
 + Level 3.7 Spellcasting
 * Level 6.5 Fire Magic
 - Level 11.0 Evocations


You had 16 spell levels left.
You knew the following spells:

 Your Spells              Type           Power      Damage    Failure   Level
a - Scorch                Fire           76%        2d8       1%          2

Your spell library contained the following spells:

 Spells                   Type           Power      Damage    Failure   Level
 Inner Flame              Hex/Fire       21%        N/A       16%         3
 Kiss of Death            Conj/Necr      16%        2d6       21%         1
 Shock                    Conj/Air       12%        1d3       21%         1
 Slow                     Hex            12%        N/A       21%         1
 Ensorcelled Hibernation  Hex/Ice        6%         N/A       30%         2
 Confusing Touch          Hex            3%         N/A       52%         3
 Fugue of the Fallen      Necr           4%         N/A       52%         3
 Swiftness                Air            3%         N/A       52%         3
 Vampiric Draining        Necr           4%         2d6       52%         3
 Airstrike                Air            1%         2d(1-17)  89%         4
 Anguish                  Hex/Necr       2%         N/A       89%         4
 Dispel Undead            Necr           4%         3d7       89%         4
 Irradiate                Conj/Alch      1%         3d12      99%         5
 Ignition                 Fire           19%        3d7       100%        8


Dungeon Overview and Level Annotations

Branches:
Dungeon (12/15)            Temple (0/1) D:6            Lair (0/5) D:9
    Orc (0/2) D:9

Altars:
Ashenzari
Cheibriados
Dithmenos
Okawaru
Trog
Uskayaw
Xom
The Shining One
Jiyva

Shops:
D:3 :

Annotations:
D:5 Eustachio
D:7 2 transporters, osoart's ghost, novice MDFi
D:10 Urug
D:12 exclusion: upstairs


Innate Abilities, Weirdness & Mutations

You are a hulking beast.
Your limbs bulge with bestial killing power. (Slay +0)
You can wield a second weapon in your off-hand.
It takes a long time for you to wield or remove held weapons.
Your first few attacks do less damage.
You cannot equip rings or amulets.


Message History

You feel a surge of power!
Flames lash the slime creature.
The slime creature is burned terribly!
The slime creature completely misses you.
You now have 13/17 mp.
You hit the slime creature but do no damage.
You burn the slime creature!
You hit the slime creature with your staff of death.
The slime creature shrivels as negative energy consumes it.
The slime creature barely misses you.
You hit the slime creature with your staff of fire.
You burn the slime creature!
You barely miss the slime creature with your staff of death.
The slime creature hits you.
You take 5 damage, and have 91/96 hp.
You feel a surge of power!
Flames lash the slime creature.
The slime creature's fire resistance burns away.
The slime creature misses you.
You now have 11/17 mp.
You hit the slime creature with your staff of fire.
You burn the slime creature!!
You kill the slime creature!
You feel a surge of power!
Flames lash the slime creature.
The slime creature is burned terribly!
The slime creature hits you!
You take 9 damage, and have 84/96 hp.
You now have 9/17 mp.
You hit the slime creature with your staff of fire.
You burn the slime creature.
You hit the slime creature with your staff of death.
The slime creature hits you!
You take 13 damage, and have 71/96 hp.
You feel a surge of power!
Flames lash the slime creature.
The slime creature is burned terribly!
The slime creature closely misses you.
You now have 8/17 mp.
You hit the slime creature with your staff of death.
You hit the slime creature with your staff of fire.
You burn the slime creature!!
You kill the slime creature!
You are too depleted to draw on your magic recklessly!
No target in view!
You are too depleted to draw on your magic recklessly!
Health restored: 96; MP restored: 17
There are monsters nearby!
There are monsters nearby!
You feel a surge of power!
Flames lash the slime creature.
The slime creature quivers.
The slime creature's fire resistance burns away.
The slime creature quivers.
You now have 15/17 mp.
The slime creature attacks as it pursues you!
The slime creature hits you!
You take 9 damage, and have 87/96 hp.
The slime creature attacks as it pursues you!
The slime creature hits you but does no damage.
The slime creature is no longer more vulnerable to fire.
You hit the slime creature with your staff of death.
The slime creature shrivels as negative energy consumes it.
You hit the slime creature with your staff of fire.
You burn the slime creature. The slime creature hits you!
You take 11 damage, and have 80/96 hp.
You feel a surge of power!
Flames lash the slime creature.
The slime creature's fire resistance burns away.
The slime creature hits you. The slime creature closely misses you.
Two slime creatures merge to form a large slime creature.
You hit the slime creature with your staff of death.
The slime creature shrivels as negative energy consumes it.
You hit the slime creature with your staff of fire.
You burn the slime creature. The slime creature barely misses you.
The slime creature hits you!
You feel a surge of power!
Flames lash the slime creature.
The slime creature's fire resistance burns away.
The slime creature hits you. The slime creature hits you!
You take 18 damage, and have 62/96 hp.
You now have 12/17 mp.
You hit the slime creature with your staff of fire!
You burn the slime creature!!
You kill the slime creature!
You feel a surge of power!
Flames lash the slime creature.
The slime creature is burned terribly!
The slime creature closely misses you. The large slime creature hits you!!
You take 31 damage, and have 32/96 hp.
MASSIVE DAMAGE!!
You now have 10/17 mp.
You hit the slime creature with your staff of fire.
You burn the slime creature.
You hit the slime creature with your staff of death.
The slime creature barely misses you.
The large slime creature hits you but does no damage.
You hit the slime creature with your staff of fire.
You burn the slime creature!
You hit the slime creature with your staff of death.
The slime creature barely misses you. The large slime creature misses you.
You hit the slime creature with your staff of fire.
You hit the slime creature with your staff of death.
The slime creature shrivels as negative energy consumes it.
The slime creature hits you.
You barely miss the slime creature with your staff of death.
You hit the slime creature with your staff of fire.
You burn the slime creature!
You kill the slime creature!
The large slime creature hits you!!!
You die...
Ignis goes out, and joins you in death.

.......####.#############
######.J.........J......#
######.###########.########
#J# #######......... #J#
#........#######
###########J#####.######.#
................#.## #)#
####.######.###J...# #.# #
#.# #.....h#.# #.# #. # #.#
#####....# #.# #. #.#
#.########.# #. #.#
#........#.# #. #.#
########.#.# #. #.# #.#.#
#. #.# #.#.#######. #.#
#.#......... ####.#
#.#########.


You could see a large slime creature.

Vanquished Creatures
  Fannar (D:10)
  4 two-headed ogres
  An ugly thing (D:12)
  2 cyclopes (D:11)
  A meliai (shapeshifter) (D:11)
  3 kobold demonologists (D:12)
  Jeremiah (D:9)
  2 komodo dragons
  3 trolls
  2 hornets (D:9)
  4 slime creatures (D:12)
  2 wraiths (D:11)
  A vampire (D:11)
  2 wyverns
  15 yaks
  3 steam dragons
  4 vampire mosquitoes (D:12)
  A water moccasin (D:5)
  Duvessa (D:7)
  2 ice beasts (D:7)
  2 orc warriors
  A black bear (D:6)
  4 ogres
  5 centaurs
  9 kobold brigands
  A scorpion (D:6)
  5 bullfrogs
  9 wights
  Dowan (D:7)
  17 killer bees
  3 orc priests
  A bombardier beetle (D:4)
  2 gnoll boudas (D:8)
  A hound (D:2)
  4 jellies (D:9)
  Crazy Yiuf (D:2)
  3 sleepcaps
  Ijyb (D:5)
  Terence (D:2)
  2 iguanas
  4 orc wizards
  10 gnolls (D:8)
  4 adders
  A white imp (D:5)
  2 ufetubi (D:6)
  A dart slug (D:4)
  4 ribbon worms
  36 orcs
  4 bats
  11 endoplasms
  3 giant cockroaches
  9 goblins
  11 hobgoblins
  11 jackals
  4 quokkas
  14 ball pythons
  A frilled lizard (D:1)
  27 kobolds
  6 rats
291 creatures vanquished.

Vanquished Creatures (others)
  A sky beast (D:6)
  An orc (D:8)
  An endoplasm (D:2)
3 creatures vanquished.

Grand Total: 294 creatures vanquished

Notes
Turn   | Place    | Note
-------+----------+-------------------------------------------
     0 | D:1      | HilariousDeathArtist the Coglin Cinder Acolyte began the
                  | quest for the Orb.
     0 | D:1      | Reached XP level 1. HP: 18/18 MP: 2/2
    63 | D:1      | Reached XP level 2. HP: 17/24 MP: 3/3
   185 | D:1      | Reached skill level 4 in Fighting
   193 | D:1      | Reached XP level 3. HP: 9/30 MP: 4/4
   742 | D:2      | Reached XP level 4. HP: 16/38 MP: 5/5
   859 | D:2      | Reached skill level 5 in Fighting
   952 | D:2      | Found a runed translucent door.
   953 | D:2      | Noticed Crazy Yiuf
   985 | D:2      | Noticed Terence
   988 | D:3      | Found Qogror's Book Shoppe.
  1328 | D:3      | Reached skill level 1 in Evocations
  1328 | D:3      | Reached XP level 5. HP: 44/44 MP: 6/6
  1335 | D:3      | Reached skill level 1 in Staves
  2361 | D:2      | Killed Crazy Yiuf
  2362 | D:2      | Reached skill level 2 in Evocations
  2624 | D:4      | Reached XP level 6. HP: 18/52 MP: 7/7
  2763 | D:4      | Found a glowing golden altar of the Shining One.
  2774 | D:4      | Found a shadowy altar of Dithmenos.
  3044 | D:4      | Reached skill level 2 in Staves
  3065 | D:4      | Found a hide-covered altar of Uskayaw.
  3078 | D:4      | Reached skill level 3 in Evocations
  3225 | D:5      | Entered Level 5 of the Dungeon
  3358 | D:5      | Noticed a water moccasin
  3379 | D:5      | Killed a water moccasin
  3474 | D:5      | Noticed Ijyb
  3489 | D:5      | Killed Ijyb
  3490 | D:5      | Reached skill level 4 in Evocations
  3539 | D:5      | Reached XP level 7. HP: 56/57 MP: 8/8
  3548 | D:5      | Noticed Eustachio
  3564 | D:6      | Reached skill level 6 in Fighting
  3570 | D:6      | Reached skill level 3 in Staves
  4220 | D:2      | Killed Terence
  4552 | D:6      | Reached skill level 5 in Evocations
  4666 | D:6      | Found a staircase to the Ecumenical Temple.
  4751 | D:6      | HP: 12/58 [sky beast (5)]
  4763 | D:6      | HP: 8/58 [kobold brigand/+0 dagger (3)]
  4769 | D:6      | Reached skill level 4 in Staves
  4769 | D:6      | HP: 7/59 [orc/+0 club (3)]
  4771 | D:6      | HP: 3/59 [orc/+0 club (1)]
  5124 | D:6      | Reached skill level 6 in Evocations
  5124 | D:6      | Reached XP level 8. HP: 51/65 MP: 9/9
  5575 | D:7      | HP: 12/65 [ice beast (5)]
  5806 | D:7      | Reached skill level 7 in Evocations
  5838 | D:7      | Reached skill level 5 in Staves
  6010 | D:7      | Noticed Dowan
  6375 | D:7      | HP: 16/65 [centaur (3)]
  6378 | D:7      | HP: 6/65 [centaur (4)]
  6621 | D:7      | Noticed Duvessa
  6632 | D:7      | Killed Duvessa
  6633 | D:7      | Reached skill level 7 in Fighting
  6633 | D:7      | Reached skill level 8 in Evocations
  6641 | D:7      | Killed Dowan
  6769 | D:7      | Reached XP level 9. HP: 72/72 MP: 10/10
  6938 | D:7      | Reached skill level 6 in Staves
  7045 | D:7      | Reached skill level 9 in Evocations
  7051 | D:7      | HP: 18/72 [yak (4)]
  7060 | D:7      | HP: 16/72 [yak (5)]
  7420 | D:7      | Found a transporter.
  7420 | D:7      | Noticed osoart's ghost (novice MDFi)
  7423 | D:7      | Identified the +1 dire flail "Jekimn" {flame, Str+4 Dex-5
                  | Stlth+}
  7423 | D:7      | Identified the +8 dire flail "Qiomn" {distort, MP-9 Str+4
                  | Int+6 Stlth+}
  7423 | D:7      | Noticed a two-headed ogre
  7427 | D:7      | Found a transporter.
  7501 | D:8      | Found a broken altar of Ashenzari.
  7516 | D:8      | HP: 8/72 [wight/+3 morningstar (13)]
  7523 | D:8      | HP: 16/68 [centaur/arrow (4)]
  7542 | D:8      | Reached skill level 7 in Staves
  7542 | D:8      | Reached skill level 10 in Evocations
  7829 | D:8      | HP: 14/74 [gnoll bouda/+0 whip (7)]
  7834 | D:8      | HP: 12/74 [centaur (1)]
  7838 | D:8      | Reached skill level 8 in Fighting
  8039 | D:8      | Reached XP level 10. HP: 77/80 MP: 11/11
  8665 | D:8      | HP: 30/120 [poisoned by a killer bee]
  8666 | D:8      | Reached skill level 11 in Evocations
  9026 | D:9      | Learned a level 2 spell: Scorch
  9043 | D:9      | Found a bloodstained altar of Trog.
  9045 | D:9      | Found a staircase to the Lair.
  9086 | D:8      | Reached skill level 1 in Stealth
  9242 | D:9      | Reached skill level 3 in Fire Magic
  9482 | D:9      | Reached skill level 8 in Staves
  9482 | D:9      | Reached skill level 2 in Stealth
  9723 | D:9      | Reached skill level 1 in Dodging
 10093 | D:9      | Reached skill level 3 in Stealth
 10154 | D:9      | Noticed Jeremiah
 10194 | D:9      | Noticed a two-headed ogre
 10207 | D:9      | Killed a two-headed ogre
 10391 | D:9      | Found a snail-covered altar of Cheibriados.
 10394 | D:9      | Found an iron altar of Okawaru.
 10488 | D:9      | Reached skill level 4 in Stealth
 10488 | D:9      | Reached skill level 4 in Fire Magic
 10591 | D:9      | Found a viscous altar of Jiyva.
 10711 | D:9      | Killed Jeremiah
 10712 | D:9      | Reached skill level 2 in Dodging
 10712 | D:9      | Reached skill level 2 in Spellcasting
 10928 | D:9      | Found a staircase to the Orcish Mines.
 10949 | D:10     | Entered Level 10 of the Dungeon
 10949 | D:10     | Noticed Fannar
 10954 | D:10     | Killed Fannar
 10955 | D:10     | Reached skill level 5 in Stealth
 10955 | D:10     | Reached XP level 11. HP: 87/87 MP: 7/14
 11731 | D:10     | Noticed a two-headed ogre
 11738 | D:10     | Killed a two-headed ogre
 11739 | D:10     | Reached skill level 9 in Staves
 11739 | D:10     | Reached skill level 6 in Stealth
 11739 | D:10     | Reached skill level 5 in Fire Magic
 11877 | D:10     | Noticed Urug
 11909 | D:10     | Noticed a two-headed ogre
 11917 | D:10     | Killed a two-headed ogre
 11918 | D:10     | Reached skill level 9 in Fighting
 12166 | D:10     | Reached skill level 3 in Dodging
 13162 | D:11     | Found a shimmering altar of Xom.
 13343 | D:11     | Reached skill level 3 in Spellcasting
 13384 | D:11     | Noticed a two-headed ogre
 13396 | D:11     | Reached skill level 7 in Stealth
 13401 | D:11     | Killed a two-headed ogre
 13638 | D:11     | Noticed a cyclops
 13642 | D:11     | Noticed a cyclops
 13647 | D:11     | Killed a cyclops
 13658 | D:11     | Killed a cyclops
 13913 | D:12     | Noticed a brown ugly thing
 13921 | D:12     | Killed a brown ugly thing
 13922 | D:12     | Reached skill level 6 in Fire Magic
 13922 | D:12     | Reached XP level 12. HP: 61/95 MP: 8/16
 13924 | D:12     | HP: 21/95 [troll (5)]
 13925 | D:12     | HP: 7/95 [troll (4)]
 14249 | D:12     | Noticed a soul eater
 14258 | D:12     | Reached skill level 8 in Stealth
 14550 | D:12     | Reached skill level 4 in Dodging
 14806 | D:12     | Mangled by a large slime creature

Illustrated notes

Levels and vault maps discovered:
D:1:      shiori_shiawase, layout_rooms, chequers_mini_garden, feat_on_display
D:2:      layout_basic, uniq_terence, uniq_crazy_yiuf_cottage
D:3:      layout_loops_ring, serial_shops, shop
D:4:      layout_rooms, mainiacjoe_overflow_large_starburst, kennysheep_diamond
D:5:      layout_gridville, old_standard_altar, kennysheep_generic_room_14,
          uniq_ijyb, uniq_eustachio
D:6:      layout_loops_cross, temple_pool_b
D:7:      layout_basic, gammafunk_ghost_smash, chequers_serial_rivers_small_b,
          minmay_misc_feat_alley, nrook_campfire, uniq_duvessa
D:8:      layout_loops_ring, mainiacjoe_overflow_paths, minmay_manual_mares
D:9:      layout_basic, trog_three_pillars_becter, nicolae_overflow_squiral,
          lair_entry_dummy, orc_0_dummy, chequers_serial_rivers_small_a,
          jiyva_altar_1, uniq_jeremiah
D:10:     layout_loops_ring, minmay_misc_feat_chi, kennysheep_generic_room_8,
          uniq_urug, uniq_fannar
D:11:     layout_roguey, tgw_xom
D:12:     layout_loops_ring

Skill      XL: |  1  2  3  4  5  6  7  8  9 10 11 12 |
---------------+-------------------------------------+-----
Fighting       | 4 5 6 7 8 9 |  9.5
Evocations     | 1 2 4 6 8 10 11 | 11.0
Staves         | 1 2 4 5 7 8 9 |  9.9
Stealth        | 5 7 8 |  8.4
Fire Magic     | 4 6 |  6.5
Dodging        | 2 3 4 |  4.0
Spellcasting   | 2 3 |  3.7
Polearms       | |  2.6

Action                     |  1- 3 |  4- 6 |  7- 9 | 10-12 || total
---------------------------+-------+-------+-------+-------++-------
  Melee: Spear             |   113 |   111 |       |       ||   224
         Dagger            |    89 |   196 |   290 |    76 ||   651
         Staff             |       |    42 |       |   346 ||   388
         Mace              |       |    93 |   298 |    76 ||   467
  Throw: Stone             |     1 |     9 |     5 |       ||    15
   Cast: Scorch            |       |       |       |   163 ||   163
 Invoke: Fiery Armour      |       |       |     2 |     3 ||     5
  Evoke: Wand              |       |       |    17 |    36 ||    53
    Use: Potion            |       |     4 |     4 |     1 ||     9
         Scroll            |       |     9 |     3 |       ||    12
   Stab: Distracted        |       |       |       |     1 ||     1
 Armour: Robe              |     7 |       |       |       ||     7
         Leather armour    |    35 |   151 |   284 |    13 ||   483
         Steam dragon scal |       |       |       |   171 ||   171
         Skin              |       |       |       |    20 ||    20
         Troll leather arm |       |       |       |    87 ||    87
  Dodge: Dodged            |    37 |    86 |   165 |   208 ||   496
   Form: Beast             |       |     1 |       |       ||     1

Table legend: (Time is in decaauts)
 A = Elapsed time spent in this place.
 B = Non-inter-level travel time spent in this place.
 C = Inter-level travel time spent in this place.
 D = Time resting spent in this place.
 E = Time spent auto-exploring this place.
 F = Levels seen in this place.
 G = Mean time per level.
                   A        B        C        D        E       F      G
               +--------+--------+--------+--------+--------+-----+--------+
         Total |  14724 |  14143 |    581 |      0 |  11852 |  12 | 1227.0 |
       Dungeon |  14724 |  14143 |    581 |      0 |  11852 |  12 | 1227.0 |
               +--------+--------+--------+--------+--------+-----+--------+

Top non-repeatable levels by time:
     D:7: 1972 daAuts
    D:10: 1913 daAuts
     D:8: 1692 daAuts
     D:9: 1626 daAuts
     D:2: 1549 daAuts
     D:6: 1184 daAuts
    D:11: 1090 daAuts
     D:3: 851 daAuts
     D:4: 828 daAuts
    D:12: 815 daAuts
     D:1: 749 daAuts
     D:5: 449 daAuts

Levels and vault maps discovered:
D:1:      shiori_shiawase, layout_rooms, chequers_mini_garden, feat_on_display
D:2:      layout_basic, uniq_terence, uniq_crazy_yiuf_cottage
D:3:      layout_loops_ring, serial_shops, shop
D:4:      layout_rooms, mainiacjoe_overflow_large_starburst, kennysheep_diamond
D:5:      layout_gridville, old_standard_altar, kennysheep_generic_room_14,
          uniq_ijyb, uniq_eustachio
D:6:      layout_loops_cross, temple_pool_b
D:7:      layout_basic, gammafunk_ghost_smash, chequers_serial_rivers_small_b,
          minmay_misc_feat_alley, nrook_campfire, uniq_duvessa
D:8:      layout_loops_ring, mainiacjoe_overflow_paths, minmay_manual_mares
D:9:      layout_basic, trog_three_pillars_becter, nicolae_overflow_squiral,
          lair_entry_dummy, orc_0_dummy, chequers_serial_rivers_small_a,
          jiyva_altar_1, uniq_jeremiah
D:10:     layout_loops_ring, minmay_misc_feat_chi, kennysheep_generic_room_8,
          uniq_urug, uniq_fannar
D:11:     layout_roguey, tgw_xom
D:12:     layout_loops_ring

Table legend: (Time is in decaauts)
 A = Elapsed time spent in this place.
 B = Non-inter-level travel time spent in this place.
 C = Inter-level travel time spent in this place.
 D = Time resting spent in this place.
 E = Time spent auto-exploring this place.
 F = Levels seen in this place.
 G = Mean time per level.
                   A        B        C        D        E       F      G
               +--------+--------+--------+--------+--------+-----+--------+
         Total |  14724 |  14143 |    581 |      0 |  11852 |  12 | 1227.0 |
       Dungeon |  14724 |  14143 |    581 |      0 |  11852 |  12 | 1227.0 |
               +--------+--------+--------+--------+--------+-----+--------+

Top non-repeatable levels by time:
     D:7: 1972 daAuts
    D:10: 1913 daAuts
     D:8: 1692 daAuts
     D:9: 1626 daAuts
     D:2: 1549 daAuts
     D:6: 1184 daAuts
    D:11: 1090 daAuts
     D:3: 851 daAuts
     D:4: 828 daAuts
    D:12: 815 daAuts
     D:1: 749 daAuts
     D:5: 449 daAuts

Table legend:
 A = Kills in this place as a percentage of kills in the entire game.
 B = Kills by you in this place as a percentage of kills by you in the entire game.
 C = Kills by friends in this place as a percentage of kills by friends in the entire game.
 D = Other kills in this place as a percentage of other kills in the entire game.
 E = Experience gained in this place as a percentage of experience gained in the entire game.
 F = Experience gained in this place divided by the number of levels of this place that you have seen.
                   A       B       C       D       E      F
               +-------+-------+-------+-------+-------+----------------------
         Total | 100.0 | 100.0 |   N/A | 100.0 | 100.0 | 1902.8
       Dungeon | 100.0 | 100.0 |   N/A | 100.0 | 100.0 | 1902.8
               +-------+-------+-------+-------+-------+----------------------
